 Dungeon Crawl Stone Soup version 0.20.0-15-g7f486f2 (webtiles) character file.

34 straycat the Cutter (level 3, -3/26 HPs)
             Began as a Vampire Wanderer on June 13, 2017.
             Slain by a kobold
             ... wielding a +0 short sword
              (5 damage)
             ... on level 2 of the Dungeon.
             The game lasted 00:03:34 (1016 turns).

straycat the Cutter (Vampire Wanderer)              Turns: 1016, Time: 00:03:34

Health: -3/26      AC:  3    Str: 19    XL:     3   Next: 14%
Magic:  3/3        EV: 12    Int: 12    God:
Gold:   41         SH:  0    Dex: 12    Spells: 2/2 levels left

rFire    . . .     SeeInvis +   a - +2 short sword
rCold    . . .     Gourm    .   (no shield)
rNeg     + . .     Faith    .   j - +0 leather armour (curse)
rPois    .         Spirit   .   (no helmet)
rElec    .         Reflect  .   (no cloak)
rCorr    .         Harm     .   (no gloves)
MR       .....                  (no boots)
Stlth    ++........             (no amulet)
Regen    0.1/turn               i - +4 ring of strength
MPRegen  0.1/turn               (no ring)

@: no status effects
A: fangs 3, see invisible, unbreathing
a: Bat Form


You were on level 2 of the Dungeon.
You were not thirsty.

You visited 1 branch of the dungeon, and saw 2 of its levels.

You collected 41 gold pieces.

Inventory:

Hand Weapons
 a - a +2 short sword (weapon)
 d - a +0 dagger
Missiles
 g - 66 poisoned needles
Armour
 c - a +0 robe
 j - a cursed +0 leather armour (worn)
Jewellery
 i - a +4 ring of strength (left hand)
Scrolls
 h - 4 scrolls of remove curse {unknown}
 l - a scroll of enchant weapon {unknown}
 m - 2 scrolls of amnesia {unknown}
Potions
 b - 3 potions of lignification
 e - 9 potions of blood
 f - a potion of flight {unknown}
 k - a potion of haste {unknown}
 n - a potion of ambrosia {unknown}
 o - a potion of resistance {unknown}
 p - a potion of heal wounds {unknown}


   Skills:
 + Level 1.3 Fighting
 + Level 3.5 Short Blades
   Level 2.6 Axes
 - Level 1.0 Throwing
 * Level 2.2 Dodging
 + Level 3.3 Stealth


You had 2 spell levels left.
You didn't know any spells.

Dungeon Overview and Level Annotations

Branches:
Dungeon (2/15)

Altars:


Innate Abilities, Weirdness & Mutations

You have razor-sharp teeth.
You have supernaturally acute eyesight. (SInv)
You can survive without breathing.


Message History

The bat closely misses you. The jackal closely misses you.
The kobold barely misses you.
The jackal bites you but does no damage.
The jackal barely misses you.
You closely miss the jackal. You bite the jackal.
You kill the jackal!
The bat hits you but does no damage. The kobold hits you with a short sword.
* * * LOW HITPOINT WARNING * * *
The jackal bites you but does no damage.
You hit the jackal.
The jackal is almost dead.
The bat hits you but does no damage. The kobold closely misses you.
The jackal barely misses you. The jackal bites you.
* * * LOW HITPOINT WARNING * * *
The bat barely misses you. The jackal barely misses you.
You see here a stone.
You closely miss the jackal.
The jackal is almost dead.
The kobold hits you with a short sword.
You die...

................
................
................. #
................
..#...##..........
......##..........
#........bh.......
#.....#.#Khh..#...
#........@#...#...
.....#..(##......
##.##.#รท........##
....#...####.....#.
.........#####....
..................
.........#####).##
.............##..####
#
##....#.............#
.#


You could see 3 jackals, a bat and a kobold.

Vanquished Creatures
  A dart slug (D:1)
  A leopard gecko (D:1)
  3 bats
  2 giant cockroaches
  5 goblins
  6 hobgoblins
  4 jackals (D:2)
  A frilled lizard (D:2)
  2 rats (D:1)
25 creatures vanquished.

Notes
Turn   | Place    | Note
-------+----------+-------------------------------------------
     0 | D:1      | straycat the Vampire Wanderer began the quest for the Orb.
     0 | D:1      | straycat set off with: a +2 short sword, 2 potions of lignification, a +0 robe, a +0 dagger, a potion of blood
     0 | D:1      | Reached XP level 1. HP: 15/15 MP: 1/1
   148 | D:1      | Reached skill level 1 in Dodging
   417 | D:1      | Reached XP level 2. HP: 20/21 MP: 2/2
   987 | D:2      | Reached XP level 3. HP: 26/26 MP: 3/3
  1016 | D:2      | Slain by a kobold

Skill      XL: |  1  2 |
---------------+-------+-----
Dodging        | 1 2 |  2.2
Fighting       | |  1.3
Short Blades   | |  3.5
Axes           | |  2.6
Throwing       | |  1.0
Stealth        | |  3.3

Action                   || total
-------------------------++-------
Melee: Short sword       ||    85
       Bite              ||    12
 Stab: Sleeping          ||     1
  Eat: Corpse            ||     1
Armor: Robe              ||     6
       Leather armour    ||    46
Dodge: Dodged            ||   105
